 Dungeon Crawl Stone Soup version 0.30-b1-2-g02819fbbbe (webtiles) character file.

Game seed: 3349563940211519673

253 nightchill the Cudgeller (level 5, -2/49 HPs)
             Began as an Armataur Fighter on Jan 12, 2024.
             Slain by an orc priest
             ... wielding a +0 club
              (4 damage)
             ... on level 4 of the Dungeon.
             The game lasted 00:06:10 (3457 turns).

nightchill the Cudgeller (Armataur Fighter)         Turns: 3457, Time: 00:06:11

Health: -2/49      AC:  6    Str: 24    XL:     5   Next: 90%
Magic:  5/5        EV:  7    Int:  8    God:
Gold:   189        SH:  4    Dex:  9    Spells: 4/4 levels left

rFire   . . .        a - +0 flail
rCold   . . .        c - +0 buckler
rNeg    . . .        b - +0 scale mail
rPois   .            (no helmet)
rElec   .            (no cloak)
rCorr   .            (no gloves)
SInv    .            (no barding)
Will    .....        (no amulet) Stlth
                     (no ring)
HPRegen 0.28/turn    (no ring)
MPRegen 0.09/turn

%: roll
@: no status effects
A: large, rugged brown scales 3, deformed body, armoured tail, roll, long
tongue, awkward tongue
a: no special abilities


You were on level 4 of the Dungeon.
You visited 1 branch of the dungeon, and saw 4 of its levels.

You collected 189 gold pieces.

Inventory:

Hand Weapons
 a - a +0 flail (weapon)
 f - a +1 mace of holy wrath
Armour
 b - a +0 scale mail (worn)
 c - a +0 buckler (worn)
 e - a +0 ring mail
Scrolls
 h - a scroll of torment {unknown}
 i - a scroll of immolation {unknown}
 l - 2 scrolls of poison {unknown}
 n - a scroll of magic mapping {unknown}
 o - a scroll of enchant armour {unknown}
 p - a scroll of blinking {unknown}
 q - 3 scrolls of noise {unknown}
 r - 2 scrolls of teleportation {unknown}
 s - 4 scrolls of identify {unknown}
 t - a scroll of fear {unknown}
Potions
 d - 4 potions of might
 g - a potion of berserk rage {unknown}
 j - a potion of heal wounds
 k - a potion of haste {unknown}
 m - 3 potions of curing {unknown}
 u - 2 potions of degeneration {unknown}


   Skills:
 + Level 4.1 Fighting
 * Level 4.7 Maces & Flails
 - Level 3.6 Armour
 - Level 3.2 Shields


You had 4 spell levels left.
You didn't know any spells.
Your spell library contained the following spells:

 Spells                   Type           Power      Damage    Failure   Level
 Freeze                   Ice            0%         1d3       77%         1
 Frozen Ramparts          Ice            0%         1d1       98%         3
 Hailstorm                Conj/Ice       0%         3d3       98%         3


Dungeon Overview and Level Annotations

Branches:
Dungeon (4/15)
 Temple: D:4-7

Altars:
Kikubaaqudgha
Sif Muna
Trog
Xom
Lugonu

Shops:
D:1 :

Portals:
Abyss: D:3

Annotations:
D:2 exclusion: downstairs
D:3 2 runed translucent doors


Innate Abilities, Weirdness & Mutations

You are completely covered in rugged brown scales. (AC +3, +7% HP)
Armour fits poorly on your strangely shaped body.
You have a long armoured tail.
You roll when moving toward enemies. (Rampage)
Your long tongue fully drains potion bottles. (2x potion effects)
Your tongue gives you trouble enunciating. (1.5x scroll delay)


Message History

You start waiting.
An orc is nearby!
You barely miss the orc. The orc hits you but does no damage. x2
You hit the orc.
The orc is severely wounded.
The orc hits you with a +0 club. The orc hits you but does no damage.
You sock the orc!
You kill the orc!
You hit the orc.
You kill the orc!
An orc priest comes into view. It is wielding a +0 club.
The orc priest moves out of view.
You closely miss the orc. The orc hits you with a +0 short sword.
You barely miss the orc.
An orc priest comes into view. It is wielding a +0 dagger.
You block the orc's attack.
The orc priest shouts!
You hit the orc.
The orc is heavily wounded.
The orc priest mumbles some strange prayers to Beogh against you.
Beogh smites you! The orc hits you with a +0 short sword.
You are too injured to fight recklessly!
You are too injured to fight recklessly!
You closely miss the orc.
Your tail-slap misses the orc.
The orc is heavily wounded.
The orc priest calls upon Beogh to heal the orc.
The orc's wounds heal themselves!
The orc priest mumbles some strange prayers to Beogh against you.
Beogh smites you!
* * * LOW HITPOINT WARNING * * *
You roll towards the orc priest!
You hit the orc priest.
Your tail-slap misses the orc priest.
The orc priest is moderately wounded.
The orc priest invokes the aid of Beogh against you.
Pain shoots through your body!
* * * LOW HITPOINT WARNING * * *
The orc hits you with a +0 short sword.
* * * LOW HITPOINT WARNING * * *
The orc priest hits you with a +0 club.
You die...

##..###.......#####....
#........#............
o..
##.....#####.........
o.. ##.#### ##....##..
.o.. #.# #...## .....
##.# ##..# #oo... #..#
#..# ###.....# ##..##
#o.###....# ##....##
##@#....# #..##..##
#oo..### .######.#
#..### .# ### #.## .#
### ##


You could see 2 orc priests and an orc.

Vanquished Creatures
  A black bear (D:4)
  An iguana (D:4)
  2 adders
  4 gnolls (D:3)
  2 dart slugs
  3 orcs
  13 endoplasms
  2 giant cockroaches
  7 goblins
  8 hobgoblins
  3 quokkas
  8 ball pythons
  5 bats
  6 frilled lizards
  8 kobolds
  4 rats
77 creatures vanquished.

Notes
Turn   | Place    | Note
-------+----------+-------------------------------------------
     0 | D:1      | nightchill the Armataur Fighter began the quest for the
                  | Orb.
     0 | D:1      | Reached XP level 1. HP: 19/19 MP: 1/1
   126 | D:1      | Reached XP level 2. HP: 24/26 MP: 2/2
   150 | D:1      | Found Yropaps's Book Emporium.
   586 | D:1      | Found a faded altar of an unknown god.
   868 | D:2      | Reached XP level 3. HP: 24/33 MP: 3/3
  1387 | D:2      | Found a bloodstained altar of Trog.
  1622 | D:2      | Identified the +0 robe of the Stopping Gods {Harm Dex+2}
  1834 | D:3      | Reached XP level 4. HP: 40/40 MP: 4/4
  1890 | D:3      | Found a one-way gate to the infinite horrors of the Abyss.
  2316 | D:3      | Found a large runed translucent door.
  2317 | D:3      | Found a large runed translucent door.
  2317 | D:3      | Found a corrupted altar of Lugonu.
  2530 | D:4      | Noticed a black bear
  2536 | D:4      | Killed a black bear
  2537 | D:4      | Reached XP level 5. HP: 42/49 MP: 5/5
  2591 | D:4      | Identified the +5 ring mail of Qigexuus {-Cast rElec
                  | Will+++ Str+2}
  3108 | D:3      | Found a snail-covered altar of Cheibriados.
  3110 | D:3      | Found an ancient bone altar of Kikubaaqudgha.
  3110 | D:3      | Found a shimmering blue altar of Sif Muna.
  3112 | D:3      | Found a hide-covered altar of Uskayaw.
  3112 | D:3      | Found a shimmering altar of Xom.
  3112 | D:3      | Found a sparkling altar of Nemelex Xobeh.
  3457 | D:4      | HP: 2/49 [orc/+0 short sword (1)]
  3457 | D:4      | Slain by an orc priest

Illustrated notes

Levels and vault maps discovered:
D:1:      amcnicky_arrival_abandoned_market, layout_basic,
          chequers_ecumenical_altar_lobes, serial_shops,
          nicolae_shop_rolling_square, minmay_misc_feat_enclosed, st_stairs_2
D:2:      layout_loops_ring, serial_forest, infiniplex_forest_straight_1,
          infiniplex_forest_clump_curved, infiniplex_forest_clump_C,
          infiniplex_forest_lined_3, infiniplex_forest_join,
          infiniplex_forest_lined_2, infiniplex_forest_side_room,
          infiniplex_forest_clump_diagonal, basic_altar
D:3:      due_chaos_kobolds, layout_loops_cross, doesnt_xom_only_xom,
          kennysheep_cross_bottleneck
D:4:      layout_layer_cave, minmay_temple_entry_butterflies,
          nicolae_eternal_life, uniq_robin, uniq_grinder

Skill      XL: |  1  2  3  4  5 |
---------------+----------------+-----
Maces & Flails | 2 3 4 |  4.7
Fighting       | 3 4 |  4.1
Armour         | |  3.6
Shields        | |  3.2

Action                     |  1- 3 |  4- 6 || total
---------------------------+-------+-------++-------
  Melee: Flail             |   133 |    78 ||   211
         Tailslap          |    14 |     8 ||    22
    Use: Potion            |       |     1 ||     1
 Armour: Scale mail        |    63 |    42 ||   105
  Dodge: Dodged            |    39 |    29 ||    68
  Block: Buckler           |    22 |    10 ||    32
